 Dungeon Crawl Stone Soup version 0.30-a0-347-gf58ed5266c (webtiles) character file.

Game seed: 4099090121680046098

26 mcwallace the Caller (level 3, 0/23 HPs)
             Began as an Octopode Summoner on Nov 6, 2022.
             Slain by a kobold
             ... wielding a +0 short sword
              (5 damage)
             ... on level 1 of the Dungeon.
             The game lasted 00:02:56 (1254 turns).

mcwallace the Caller (Octopode Summoner)            Turns: 1254, Time: 00:02:57

Health: 0/23       AC:  1    Str:  7    XL:     3   Next: 8%
Magic:  4/6        EV: 13    Int: 19    God:
Gold:   44         SH:  0    Dex: 12    Spells: 5/6 levels left

rFire   . . .      SeeInvis .    d - +0 club {mace}
rCold   . . .      Faith    .    (no shield)
rNeg    . . .      Spirit   .    (helmet restricted)
rPois   .          Reflect  .    (no amulet)
rElec   .          Harm     .    e - ring of wizardry
rCorr   .          Rampage  .    h - ring of flight
Will    .....                    (no ring)
Stlth   +++.......               (no ring)
HPRegen 0.23/turn                (no ring)
MPRegen 0.10/turn                (no ring)
                                 (no ring)
                                 (no ring)

@: flying
A: almost no armour, amphibious, 8 rings, camouflage 1, gelatinous body 1,
(nimble swimmer 1), tentacles
a: no special abilities


You were on level 1 of the Dungeon.
You visited 1 branch of the dungeon, and saw 2 of its levels.

You collected 44 gold pieces.


Innate Abilities, Weirdness & Mutations

You cannot wear most types of armour.
You are amphibious.
You can wear up to eight rings at the same time.
Your skin changes colour to match your surroundings (Stealth+).
Your rubbery body absorbs attacks. (AC +1, EV +1)
((You are camouflaged when in or above water. (Stealth+)))
You have tentacles for arms and can constrict up to eight enemies at once.


   Skills:
 + Level 1.1 Fighting
 + Level 2.4 Dodging
 - Level 2.6 Stealth
 + Level 2.3 Spellcasting
 + Level 4.2 Summonings


You had 5 spell levels left.
You knew the following spells:

 Your Spells              Type           Power      Damage    Failure   Level
a - Summon Small Mammal   Summ           72%        N/A       1%          1

Your spell library contained the following spells:

 Spells                   Type           Power      Damage    Failure   Level
 Call Imp                 Summ           18%        N/A       1%          2
 Call Canine Familiar     Summ           18%        N/A       3%          3
 Summon Guardian Golem    Hex/Summ       10%        N/A       9%          3
 Summon Lightning Spire   Summ/Air       10%        N/A       26%         4

Inventory:

Hand Weapons
 d - a +0 club (weapon) {mace}
   (You took it off a goblin on level 1 of the Dungeon)
Missiles
 b - 14 stones {throwing}
 g - a throwing net {=f!fthrowing}
Magical Staves
 k - a staff of fire {!astaff}
   (You found it on level 1 of the Dungeon)
 m - a staff of cold {!astaff}
   (You found it on level 1 of the Dungeon)
Jewellery
 e - a ring of wizardry (left tentacle)
   (You found it on level 1 of the Dungeon)
 f - a ring of ice
   (You found it on level 1 of the Dungeon)
 h - a ring of flight (right tentacle)
   (You found it on level 1 of the Dungeon)
Scrolls
 c - 2 scrolls of identify {unknown}
 j - a scroll of poison {unknown}
 n - a scroll of summoning {unknown}
Potions
 a - a potion of magic
 i - a potion of curing {@q1}
 l - a potion of brilliance {unknown}

Dungeon Overview and Level Annotations

Branches:
Dungeon (2/15) Zot: 10736

Altars:

Shops:
D:1

:[ ######.........#.#
#............
..........#.####.#
#....##......
#########........#
####.##.##...
#.##....## #.##.##...
#.#####.#
#####....##### #.#
###.####.....#####
#.#
#........#####...####
########.###.......##
#.......
#.............r@...#
#...####
#.............Kr...#
##.##
#∩.................#
#####.#####
#..................#
#..........
#..................#
#..........
#..................#
#..........
#.)................#
#..........
#..................#
#.........)
############.......#
####......†


You could see a kobold (ally target) and 2 friendly quokkas.


Message History

A ball python is nearby!
The helpless ball python fails to defend itself.
You hit the ball python.
You kill the ball python!
You have reached level 3!
Your experience leads to an increase in your attributes!
Increase (S)trength, (I)ntelligence, or (D)exterity?
You feel clever. x2 😎 HP[+5] MP[+1]
You now have 23 max hp (+5).
Your hp is fully restored (23).
Your mp is fully restored (6).
A bat comes into view.
A hobgoblin comes into view.
The helpless hobgoblin fails to defend itself.
You hit the hobgoblin but do no damage. You grab the hobgoblin.
You constrict the hobgoblin, but do no damage.
The hobgoblin hits you.
The hobgoblin closely misses you. 😕 HP[-4]
You take 4 damage, and now have 19/23 hp.
You hit the hobgoblin. You squeeze the hobgoblin.
You kill the hobgoblin! 😕 HP[+1]
The helpless bat fails to defend itself.
You hit the bat. Your grab misses the bat. The bat hits you but does no damage.
The bat closely misses you.
You hit the bat. Your grab misses the bat. Your squeeze misses the bat.
The bat hits you but does no damage. x2; The bat closely misses you.
You hit the bat.
You kill the bat!
No target in view!
Key pressed, stopping explore.
Done exploring. 😎 HP[+3]
Your hp is fully restored (23).
Done exploring.
No target in view!
No target in view!
Done exploring.
There is a stone staircase leading down here.
You fly downwards.
The kobold shouts!
Found an escape hatch in the ceiling.
There is a stone staircase leading up here.
A kobold is nearby!
An adder comes into view.
An adder comes into view.
The kobold hits you but does no damage.
The adder hisses angrily. x2
You hit the kobold. Your grab misses the kobold.
Your squeeze misses the kobold. The kobold barely misses you.
You hit the kobold but do no damage. You grab the kobold.
You constrict the kobold, but do no damage.
The adder bites you.
You are poisoned.
The adder poisons you! The kobold closely misses you. 😕 HP[-4]
You take 4 damage, and now have 19/23 hp.
You release your grip on the kobold.
The kobold attacks as you move away!
The kobold hits you with a +0 short sword.
You feel sick. The adder barely misses you. The adder bites you.
* * * LOW HITPOINT WARNING * * *
You are lethally poisoned!
The adder poisons you! 😨 HP[-9]
You take 9 damage, and now have 10/23 hp.
MASSIVE DAMAGE!! (PAUSE)
The adder attacks as you move away! The adder bites you but does no damage.
The kobold attacks as you move away! The kobold barely misses you.
* * * LOW HITPOINT WARNING * * *
You feel very sick.
There is a stone staircase leading up here. 😨 HP[-3]
You take 3 damage, and now have 7/23 hp.
* * * LOW HITPOINT WARNING * * *
You feel sick. The kobold barely misses you.
You fly upwards.
* * * LOW HITPOINT WARNING * * *
You feel sick.
There is a stone staircase leading down here. 😱 HP[-3]
You take 3 damage, and now have 4/23 hp.
It was a potion of curing.
You feel better.
The kobold hits you with a +0 short sword.
* * * LOW HITPOINT WARNING * * *
😨 HP[+5]
You regained 5 hp, and now have 9/23 hp.
Casting: Summon Small Mammal (safe; 1% risk of failure)
Press: ? - help, Q - select action, (/) - cycle Dir - look around, f - activate The kobold hits you with a +0 short sword.
* * * LOW HITPOINT WARNING * * *
😱 HP[-4] MP[-1]
You take 4 damage, and now have 5/23 hp.
You lost 1 mp, and now have 5/6 mp.
Casting: Summon Small Mammal (safe; 1% risk of failure)
Press: ? - help, Q - select action, (/) - cycle Dir - look around, f - activate The kobold hits you with a +0 short sword.
* * * LOW HITPOINT WARNING * * *
You closely miss the kobold. You grab the kobold. You constrict the kobold.
The kobold hits you with a +0 short sword.
You die...

Skill      XL: |  1  2 |
---------------+-------+-----
Fighting       | 1 |  1.1
Dodging        | |  2.4
Stealth        | |  2.6
Spellcasting   | |  2.3
Summonings     | |  4.2

Action                   || total
-------------------------++-------
Melee: Unarmed           ||     5
       Tentacles         ||     9
       Club              ||    32
       Constrict         ||     8
 Cast: Summon Small Mamm ||    20
  Use: Potion            ||     1
 Stab: Sleeping          ||     4
Armor: Skin              ||     9
Dodge: Dodged            ||    26

Levels and vault maps discovered:
D:1:      evilmike_arrival_rings, layout_basic, serial_shops,
          nicolae_square_shop, shop, hangedman_decor_clover_reticule
D:2:      layout_rooms, basic_altar

Notes
Turn   | Place    | Note
-------+----------+-------------------------------------------
     0 | D:1      | mcwallace the Octopode Summoner began the quest for the
                  | Orb.
     0 | D:1      | Reached XP level 1. HP: 11/11 MP: 3/3
     0 | D:1      | magus.rc [v1.9.6]
    88 | D:1      | Found Jehitupa's Armour Emporium.
   149 | D:1      | Reached XP level 2. HP: 18/18 MP: 3/5
   701 | D:1      | Found Catwisk's Book Shoppe.
   975 | D:1      | Reached skill level 1 in Fighting
  1116 | D:1      | Reached XP level 3. HP: 23/23 MP: 6/6
  1249 | D:2      | HP: 5/23 [poisoned by an adder]
  1254 | D:1      | Slain by a kobold

Vanquished Creatures
  3 bats (D:1)
  An endoplasm (D:1)
  2 giant cockroaches (D:1)
  3 hobgoblins (D:1)
  2 ball pythons (D:1)
  2 frilled lizards (D:1)
  3 rats (D:1)
16 creatures vanquished.

Vanquished Creatures (collateral kills)
  2 endoplasms (D:1)
  2 goblins (D:1)
  A kobold (D:1)
  A quokka (D:1)
  A frilled lizard (D:1)
  A rat (D:1)
8 creatures vanquished.

Grand Total: 24 creatures vanquished

Table legend:
 A = Non-vault XP
 B = Vault XP
 C = Vault XP percentage of total XP
 D = Non-vault monster count
 E = Vault monster count
 F = Vault count percentage of total count
                 A         B        C        D         E       F
            +---------+---------+-------+---------+---------+-------
      Total |      38 |       0 |   0.0 |      24 |       0 |   0.0
            +---------+---------+-------+---------+---------+-------
        D:1 |      38 |       0 |   0.0 |      24 |       0 |   0.0
            +---------+---------+-------+---------+---------+-------

Illustrated notes

Table legend:
 A = Kills in this place as a percentage of kills in entire the game.
 B = Kills by you in this place as a percentage of kills by you in the entire game.
 C = Kills by friends in this place as a percentage of kills by friends in the entire game.
 D = Other kills in this place as a percentage of other kills in the entire game.
 E = Experience gained in this place as a percentage of experience gained in the entire game.
 F = Experience gained in this place divided by the number of levels of this place that you have seen.
                   A       B       C       D       E      F
               +-------+-------+-------+-------+-------+----------------------
         Total | 100.0 | 100.0 | 100.0 |   N/A | 100.0 |  19.0
       Dungeon | 100.0 | 100.0 | 100.0 |   N/A | 100.0 |  19.0
               +-------+-------+-------+-------+-------+----------------------

Table legend: (Time is in decaauts)
 A = Elapsed time spent in this place.
 B = Non-inter-level travel time spent in this place.
 C = Inter-level travel time spent in this place.
 D = Time resting spent in this place.
 E = Time spent auto-exploring this place.
 F = Levels seen in this place.
 G = Mean time per level.
                   A        B        C        D        E       F      G
               +--------+--------+--------+--------+--------+-----+--------+
         Total |   1262 |   1195 |     67 |      0 |   1002 |   2 |  631.0 |
       Dungeon |   1262 |   1195 |     67 |      0 |   1002 |   2 |  631.0 |
               +--------+--------+--------+--------+--------+-----+--------+

Top non-repeatable levels by time:
     D:1: 1253 daAuts
     D:2: 8 daAuts
